 Dungeon Crawl Stone Soup version 0.22-a0-579-gb62a27e (webtiles) character file.

247 Lianjan the Digger (level 5, -1/37 HPs)
             Began as a Demonspawn Earth Elementalist on July 1, 2018.
             Was an Initiate of Vehumet.
             Killed by nerve-wracking pain
             ... invoked by a shadow imp
              (13 damage)
             ... on level 5 of the Dungeon.
             The game lasted 00:12:17 (5495 turns).

Lianjan the Digger (Demonspawn Earth Elementalist)  Turns: 5495, Time: 00:12:18

Health: -1/37      AC:  3    Str:  9    XL:     5   Next: 85%
Magic:  10/10      EV: 12    Int: 16    God:    Vehumet [......]
Gold:   236        SH:  0    Dex: 14    Spells: 5/10 levels left

rFire    . . .     SeeInvis .   a - +0 whip
rCold    . . .     Gourm    .   (no shield)
rNeg     . . .     Faith    .   c - +0 robe
rPois    .         Spirit   .   (helmet restricted)
rElec    .         Reflect  .   (no cloak)
rCorr    .         Harm     .   (no gloves)
MR       .....                  u - +0 pair of boots
Stlth    ++........             (no amulet)
HPRegen  0.12/turn              (no ring)
MPRegen  0.12/turn              (no ring)

@: no status effects
A: antennae 2, demonic guardian 1, powered by death 1
a: Renounce Religion


You were on level 5 of the Dungeon.
You worshipped Vehumet.
Vehumet was noncommittal.
You were not hungry.

You visited 1 branch of the dungeon, and saw 5 of its levels.

You collected 236 gold pieces.

Inventory:

Hand Weapons
 a - a +0 whip (weapon)
 b - a +0 blowgun
Missiles
 p - 16 poisoned needles
 r - 7 tomahawks (quivered)
 v - 5 stones
Armour
 c - a +0 robe (worn)
 f - a +0 buckler
 n - a +0 leather armour
 u - a +0 pair of boots (worn)
Jewellery
 t - an uncursed ring of ice {unknown}
 w - an uncursed ring of ice {unknown}
 y - an uncursed amulet of rage {unknown}
Scrolls
 g - a scroll of enchant armour {unknown}
 i - a scroll of fear {unknown}
 k - 2 scrolls of fog {unknown}
 l - 2 scrolls of teleportation {unknown}
 m - 5 scrolls of identify {unknown}
 s - 2 scrolls of remove curse {unknown}
 x - a scroll of blinking {unknown}
 A - a scroll of amnesia {unknown}
Potions
 e - 3 potions of brilliance {unknown}
 h - 3 potions of might {unknown}
 j - a potion of degeneration {unknown}
 o - a potion of lignification {unknown}
 q - a potion of haste {unknown}
 z - a potion of resistance {unknown}
Comestibles
 d - 5 rations
 B - 2 chunks of flesh


   Skills:
 + Level 1.5 Fighting
 - Level 1.7 Dodging
 - Level 1.7 Stealth
 + Level 3.4 Spellcasting
 * Level 0.2 Conjurations
 + Level 0.0 Necromancy
   Level 0.8 Transmutations
 - Level 5.0 Earth Magic


You had 5 spell levels left.
You knew the following spells:

 Your Spells              Type           Power        Failure   Level  Hunger
a - Sandblast             Erth           ###...       2%          1    None
b - Stone Arrow           Conj/Erth      ##....       19%         3    ###....
c - Animate Skeleton      Necr           N/A          19%         1    None

Your spell library contained the following spells:

 Spells                   Type           Power        Failure   Level  Hunger
 Apportation              Tloc           #.....       19%         1    None
 Summon Small Mammal      Summ           #...         19%         1    None
 Confusing Touch          Hex            #.....       19%         1    None
 Passwall                 Tmut/Erth      ##......     9%          2    ##.....
 Lee's Rapid Deconstruct  Erth           ###.......   54%         5    ######.
 Petrify                  Tmut/Erth      ##......     47%         4    ####...


Dungeon Overview and Level Annotations

Branches:
Dungeon (5/15)
 Temple: D:4-7

Altars:
Dithmenos
Gozag
Kikubaaqudgha
Makhleb
Okawaru
Uskayaw
Vehumet
The Shining One

Annotations:
D:5 1 runed door


Innate Abilities, Weirdness & Mutations

You have a pair of antennae on your head.
A weak demonic guardian rushes to your aid.
You regenerate a little health from kills.


Message History

The shadow imp closely misses you.
You hit the shadow imp but do no damage.
The shadow imp is heavily wounded.
The shadow imp barely misses you.
You barely miss the shadow imp.
The shadow imp is heavily wounded.
The shadow imp hits you but does no damage.
You hit the shadow imp but do no damage.
The shadow imp is heavily wounded.
The shadow imp gestures at you. Pain shoots through your body!
You hit the shadow imp.
The shadow imp is severely wounded.
The shadow imp misses you.
You barely miss the shadow imp.
The shadow imp is severely wounded.
The shadow imp barely misses you. The shadow imp gestures at you.
Pain shoots through your body!
You die...

# ## ..# ..
..##. ...
#.##########
#.@.<.......
#5##########
#. .. ##. #.
#. ..


You could see a shadow imp.

Vanquished Creatures
  A worker ant (D:4)
  5 adders
  A shadow imp (D:4)
  3 worms
  2 dart slugs
  2 leopard geckos
  A ball python (D:2)
  A bat zombie (D:4)
  4 giant cockroaches
  7 goblins
  4 hobgoblins
  12 jackals
  6 kobolds
  A quokka (D:4)
  11 bats
  2 frilled lizards
  A quokka skeleton (D:5)
  11 rats
  2 rat zombies (D:4)
77 creatures vanquished.

Vanquished Creatures (collateral kills)
  A water moccasin skeleton (D:4)
  A scorpion (D:4)
  A crimson imp (D:4)
  An adder (D:4)
4 creatures vanquished.

Grand Total: 81 creatures vanquished

Notes
Turn   | Place    | Note
-------+----------+-------------------------------------------
     0 | D:1      | Lianjan the Demonspawn Earth Elementalist began the quest for the Orb.
     0 | D:1      | Reached XP level 1. HP: 13/13 MP: 3/3
   644 | D:1      | Reached skill level 3 in Earth Magic
   714 | D:1      | Gained mutation: You have a pair of small antennae on your head. [demonic ancestry]
   714 | D:1      | Reached XP level 2. HP: 9/19 MP: 1/5
  1921 | D:2      | Gained mutation: A weak demonic guardian rushes to your aid. [demonic ancestry]
  1921 | D:2      | Reached XP level 3. HP: 13/24 MP: 0/6
  2661 | D:2      | Learned a level 3 spell: Stone Arrow
  3050 | D:3      | Reached skill level 4 in Earth Magic
  3276 | D:3      | Gained mutation: You have a pair of antennae on your head. [demonic ancestry]
  3276 | D:3      | Reached XP level 4. HP: 28/30 MP: 8/8
  3687 | D:3      | Found a hide-covered altar of Uskayaw.
  3693 | D:3      | Found an iron altar of Okawaru.
  3701 | D:3      | Found a glowing golden altar of the Shining One.
  3777 | D:3      | Found a radiant altar of Vehumet.
  3802 | D:3      | Became a worshipper of Vehumet
  4046 | D:4      | Found an opulent altar of Gozag.
  4093 | D:4      | Gained mutation: You regenerate a little health from kills. [demonic ancestry]
  4093 | D:4      | Reached XP level 5. HP: 36/36 MP: 9/9
  4231 | D:4      | Reached skill level 1 in Fighting
  4380 | D:4      | Found a shadowy altar of Dithmenos.
  4718 | D:4      | Found an ancient bone altar of Kikubaaqudgha.
  4984 | D:4      | Found a burning altar of Makhleb.
  5342 | D:5      | Entered Level 5 of the Dungeon
  5358 | D:5      | Reached skill level 5 in Earth Magic
  5361 | D:5      | Learned a level 1 spell: Animate Skeleton
  5378 | D:5      | Noticed a centaur
  5379 | D:5      | Found a runed door.
  5495 | D:5      | Killed from afar by a shadow imp

Vault maps used:
D:1:      mushboom_english_gardens
D:3:      lemuel_doored_altar, minmay_overflow_temple_star_quad
D:4:      lemuel_crystal_altar, makhleb_grotto_becter,
          lemuel_zombie_altar_kikubaaqudgha, grunt_dithmenos_smoke_and_mirrors,
          first_ration
D:5:      serial_glass, glass_columns_c, glass_columns_b, ebering_ghost_sewer_f,
          kennysheep_generic_room_14

Skill      XL: |  1  2  3  4  5 |
---------------+----------------+-----
Earth Magic    | 3 4 5 |  5.0
Spellcasting   | 3 |  3.4
Fighting       | 1 |  1.5
Dodging        | |  1.7
Stealth        | |  1.7
Conjurations   | |  0.2
Transmutations | |  0.8

Action                   |  1- 3 |  4- 6 || total
-------------------------+-------+-------++-------
Melee: Dagger            |    14 |       ||    14
       Short sword       |     1 |       ||     1
       Whip              |    98 |   172 ||   270
 Fire: Blowgun           |       |     2 ||     2
Throw: Stone             |     2 |       ||     2
       Tomahawk          |     8 |     3 ||    11
 Cast: Sandblast         |    29 |    26 ||    55
 Stab: Sleeping          |     6 |     2 ||     8
  Eat: Chunk             |     7 |     5 ||    12
       Ration            |       |     1 ||     1
Armor: Robe              |    36 |    49 ||    85
       Leather armour    |     4 |       ||     4
Dodge: Dodged            |    96 |   128 ||   224
Block: Buckler           |    22 |    21 ||    43

Table legend:
 A = Spawn XP
 B = Non-spawn XP
 C = Spawn XP percentage of total XP
 D = Spawn monster count
 E = Non-spawn monster count
 F = Spawn count percentage of total count
 G = Total turns spent on level
                    A         B        C        D         E        F      G
               +---------+---------+-------+---------+---------+-------+---------
         Total |       0 |     353 |   0.0 |       0 |      81 |   0.0 |  5495
               +---------+---------+-------+---------+---------+-------+---------
           D:1 |       0 |      26 |   0.0 |       0 |      16 |   0.0 |  1539
           D:2 |       0 |      35 |   0.0 |       0 |      17 |   0.0 |  1286
           D:3 |       0 |      92 |   0.0 |       0 |      24 |   0.0 |  1121
           D:4 |       0 |     186 |   0.0 |       0 |      22 |   0.0 |  1419
           D:5 |       0 |      14 |   0.0 |       0 |       2 |   0.0 |   130
               +---------+---------+-------+---------+---------+-------+---------
